 Dungeon Crawl Stone Soup version 0.28.0-43-g3370ac3207 (webtiles) character file.

Game seed: 2790018766126317227

17 sking99 the Digger (level 2, 26/26 HPs)
             Began as a Troll Earth Elementalist on Mar 12, 2022.
             Quit the game on level 1 of the Dungeon.
             The game lasted 00:00:36 (570 turns).

sking99 the Digger (Troll Earth Elementalist)        Turns: 570, Time: 00:00:37

Health: 26/26      AC:  4    Str: 15    XL:     2   Next: 44%
Magic:  2/2        EV:  9    Int: 11    God:
Gold:   21         SH:  0    Dex: 10    Spells: 2/3 levels left

rFire   . . .      SeeInvis .     - Unarmed
rCold   . . .      Faith    .   (no shield)
rNeg    . . .      Spirit   .   b - +0 robe
rPois   .          Reflect  .   (helmet restricted)
rElec   .          Harm     .   (no cloak)
rCorr   .          Rampage  .   (gloves unavailable)
Will    .....                   (boots unavailable)
Stlth   +.........              (no amulet)
HPRegen 0.88/turn               (no ring)
MPRegen 0.08/turn               (no ring)

@: no status effects
A: large, unfitting armour, claws 3, regeneration 1, shaggy fur 1, tough skin 1
a: no special abilities


You were on level 1 of the Dungeon.
You visited 1 branch of the dungeon, and saw 1 of its levels.

You collected 21 gold pieces.

Inventory:

Missiles
 c - 98 stones
Armour
 b - a +0 robe (worn)
Scrolls
 e - a scroll of magic mapping {unknown}
Potions
 a - a potion of flight {unknown}
 d - a potion of mutation {unknown}


   Skills:
 + Level 0.8 Fighting
 - Level 1.5 Dodging
 - Level 1.0 Stealth
 * Level 1.7 Unarmed Combat
 - Level 1.2 Spellcasting
 - Level 0.6 Transmutations
 - Level 2.6 Earth Magic


You had 2 spell levels left.
You knew the following spells:

 Your Spells              Type           Power      Damage    Failure   Level
a - Sandblast             Erth           12%        2d6       11%         1

Your spell library contained the following spells:

 Spells                   Type           Power      Damage    Failure   Level
 Passwall                 Tmut/Erth      3%         N/A       24%         2
 Stone Arrow              Conj/Erth      6%         3d7       50%         3
 Petrify                  Tmut/Erth      4%         N/A       85%         4


Dungeon Overview and Level Annotations

Branches:
Dungeon (1/15)

Altars:


Innate Abilities, Weirdness & Mutations

You are too large for most types of armour.
You have claws for hands.
Your natural rate of healing is unusually fast.
You are covered in fur. (AC +1)
You have tough skin. (AC +1)


Message History

You barely miss the ball python.
The ball python bites you but does no damage.
You scratch the ball python.
The ball python is severely wounded.
The ball python bites you but does no damage.
You claw the ball python!
You kill the ball python!
No target in view!
c - 98 stones (gained 22)
You now have 21 gold pieces (gained 13).
You see here a +0 short sword.
A jackal comes into view.
A jackal is nearby!
A jackal is nearby!
A jackal comes into view.
The jackal barks! x2
You scratch the jackal.
The jackal is severely wounded.
The jackal barely misses you.
The jackal bites you but does no damage.
You barely miss the jackal.
The jackal is severely wounded.
The jackal bites you but does no damage.
You scratch the jackal.
You kill the jackal!
The jackal bites you but does no damage.
You scratch the jackal but do no damage.
The jackal bites you.
You claw the jackal!
You kill the jackal!
No target in view!
You see here a jackal corpse.
You see here a jackal corpse.
Things that are here:
a +1 short sword of venom; a kobold skeleton; a rat skeleton A hobgoblin comes into view.
A hobgoblin is nearby!
A hobgoblin is nearby!
A hobgoblin is nearby!
Are you sure you want to abandon this character and quit the game? (Confirm with "yes".)

#......#.#### ..g
#......#.# ..
#......#.# ..
###...)..#.# ## .
...).......# #.
.##########.#####.
#.. ..[.......)...
#.# #######.#####.
#@# #.# #. #.# #.#
#. #.# #.# #. #.#
#.# #. #.# #.# ##
#.# #.#
#.#########.#
#.#.........#
#.#.#########


You could see a hobgoblin (asleep).

Vanquished Creatures
  A ball python (D:1)
  2 hobgoblins (D:1)
  2 jackals (D:1)
  5 kobolds (D:1)
  A bat (D:1)
  2 frilled lizards (D:1)
  3 rats (D:1)
16 creatures vanquished.

Notes
Turn   | Place    | Note
-------+----------+-------------------------------------------
     0 | D:1      | sking99 the Troll Earth Elementalist began the quest for
                  | the Orb.
     0 | D:1      | Reached XP level 1. HP: 16/16 MP: 1/1
   279 | D:1      | Reached skill level 1 in Unarmed Combat
   287 | D:1      | Reached XP level 2. HP: 24/26 MP: 2/2
   570 | D:1      | Quit the game

Illustrated notes

Levels and vault maps discovered:
D:1:      nicolae_arrival_washed_ashore, layout_basic, serial_curves,
          eino_curves_03, eino_curves_03

Skill      XL: |  1 |
---------------+----+-----
Unarmed Combat | 1 |  1.7
Fighting       | |  0.8
Dodging        | |  1.5
Stealth        | |  1.0
Spellcasting   | |  1.2
Transmutations | |  0.6
Earth Magic    | |  2.6

Action                   || total
-------------------------++-------
Melee: Unarmed           ||    46
Armor: Robe              ||    20
Dodge: Dodged            ||    14
